 Dungeon Crawl Stone Soup version 0.19.5 (webtiles) character file.

67 Haldmier the Slasher (level 4, -2/29 HPs)
             Began as a High Elf Skald on Apr 10, 2017.
             Killed by nerve-wracking pain
             ... invoked by a shadow imp
             ... summoned by Natasha
              (8 damage)
             ... on level 2 of the Dungeon.
             The game lasted 00:02:50 (1352 turns).

Haldmier the Slasher (High Elf Skald)               Turns: 1352, Time: 00:02:52

Health: -2/29      AC:  3    Str: 12    XL:     4   Next: 0%
Magic:  2/8        EV: 11    Int: 16    God:
Gold:   110        SH:  0    Dex: 14    Spells: 3 memorised, 1 level left

rFire  . . .     SeeInvis .     f - +1 dagger (venom)
rCold  . . .     Gourm    .     b - +0 leather armour
rNeg   . . .     Faith    .     (no shield)
rPois  .         Spirit   .     (no helmet)
rElec  .         Reflect  .     (no cloak)
rCorr  .         Harm     .     (no gloves)
MR     .....                    (no boots)
Stlth  +.........               (no amulet)
                                (no ring)
                                (no ring)

@: very slightly contaminated, slowed, very slow
A: no striking features
a: no special abilities


You were on level 2 of the Dungeon.
You were not hungry.

You visited 1 branch of the dungeon, and saw 2 of its levels.

You collected 110 gold pieces.

Inventory:

Hand Weapons
 a - a +0 falchion
 f - a +1 dagger of venom (weapon)
Missiles
 g - 51 stones (quivered)
Armour
 b - a +0 leather armour (worn)
 n - a +0 ring mail
Jewellery
 h - an uncursed ring of protection from fire {unknown}
Scrolls
 e - a scroll of amnesia {unknown}
 j - a scroll of blinking {unknown}
 k - 2 scrolls of remove curse {unknown}
 p - a scroll of noise {unknown}
Potions
 i - 2 potions of curing {unknown}
 l - a potion of berserk rage {unknown}
 q - a potion of invisibility {unknown}
Books
 c - a book of Battle

   Spells                             Type                      Level
   a - Infusion                       Charms                       1
   b - Shroud of Golubria             Charms/Translocation         2
   c - Song of Slaying                Charms                       2
   d - Spectral Weapon                Hexes/Charms                 3
   e - Regeneration                   Charms/Necromancy            3
Comestibles
 d - 3 bread rations
 m - a meat ration
 o - 5 chunks of flesh


   Skills:
 - Level 2.0 Fighting
 + Level 1.6(2.9) Short Blades
 - Level 3.7(3.9) Long Blades
 - Level 0.8 Armour
 - Level 1.1 Dodging
 - Level 2.4 Spellcasting
 * Level 0.0 Hexes
 - Level 3.6 Charms
 + Level 2.5 Translocations


You had one spell level left.
You knew the following spells:

 Your Spells              Type           Power        Failure   Level  Hunger
a - Infusion              Chrm           ##..         8%          1    #......
b - Shroud of Golubria    Chrm/Tloc      ##........   12%         2    ###....
c - Spectral Weapon       Hex/Chrm       #.......     41%         3    ###....


Dungeon Overview and Level Annotations

Branches:
Dungeon (2/15)

Altars:

Annotations:
D:2 Natasha


Message History

Natasha extends her claws.
Natasha casts a spell at you. The magic dart hits you!
You take 7 damage, and have 20/29 hp.
MASSIVE DAMAGE!!
You now have 5/8 mp.
Casting: Spectral Weapon
Confirm with . or Enter, or press ? or * to list all spells.
You miscast Spectral Weapon.
Your skin tingles.
The shadow imp closely misses you. Natasha claws you! The shadow imp hits you.
Natasha barely misses you.
You take 11 damage, and have 9/29 hp.
MASSIVE DAMAGE!!
You now have 2/8 mp.
You hit Natasha.
Natasha is poisoned.
Natasha is moderately wounded.
The shadow imp barely misses you. Natasha claws you.
* * * LOW HITPOINT WARNING * * *
You take 3 damage, and have 6/29 hp.
You hit Natasha.
Natasha is heavily wounded.
The shadow imp gestures at you. Pain shoots through your body!
You die...

...#)# ###.#.#.
#...... #.....#
#.....#### #>........
#5h....... #.@....#
##.##.## ### #.# ..#
#.# #.# #.# #
#.##############.##.#
....................#
####.###########.####
#.# #.#


You could see Natasha and a shadow imp.

Vanquished Creatures
  Terence (D:2)
  2 adders (D:2)
  A worm (D:2)
  A leopard gecko (D:1)
  3 bats
  3 giant cockroaches
  5 goblins
  4 hobgoblins
  A frilled lizard (D:1)
  A kobold (D:2)
  3 rats
25 creatures vanquished.

Notes
Turn   | Place    | Note
-------+----------+-------------------------------------------
     0 | D:1      | Haldmier the High Elf Skald began the quest for the Orb.
     0 | D:1      | Reached XP level 1. HP: 14/14 MP: 4/4
   482 | D:1      | Reached XP level 2. HP: 19/19 MP: 3/6
   486 | D:1      | Learned a level 2 spell: Shroud of Golubria
   835 | D:2      | Reached skill level 1 in Translocations
   962 | D:2      | Noticed Terence
   965 | D:2      | Reached XP level 3. HP: 24/24 MP: 4/7
   974 | D:2      | Killed Terence
   974 | D:2      | Reached skill level 1 in Short Blades
  1319 | D:2      | Reached XP level 4. HP: 25/29 MP: 8/8
  1324 | D:2      | Learned a level 3 spell: Spectral Weapon
  1344 | D:2      | Noticed Natasha
  1352 | D:2      | Killed from afar by a shadow imp

Skill      XL: |  1  2  3 |
---------------+----------+-----
Long Blades    | 3 |  3.7
Translocations | 1 2 |  2.5
Short Blades   | 1 |  1.6
Fighting       | |  2.0
Armour         | |  0.8
Dodging        | |  1.1
Spellcasting   | |  2.4
Charms         | |  3.6

Action                   |  1- 3 |  4- 6 || total
-------------------------+-------+-------++-------
Melee: Falchion          |    29 |       ||    29
       Dagger            |    28 |     3 ||    31
 Cast: Infusion          |     7 |       ||     7
       Shroud of Golubri |     3 |       ||     3
 Stab: Sleeping          |     1 |       ||     1
  Eat: Chunk             |     2 |       ||     2
Armor: Leather armour    |     9 |       ||     9
Dodge: Dodged            |    41 |     5 ||    46
       Rpst.: Falchion   |    10 |       ||    10
